 Dungeon Crawl Stone Soup version 0.26-a0-971-g1d9d62bb61 (console) character file.

Game seed: 5303226390723007519

219 jejorda2 the Firebug (level 5, -3/45 HPs)
             Began as a Draconian Fire Elementalist on Dec 4, 2020.
             Slain by Pikel
             ... wielding a +1 whip of freezing
              (11 damage)
             ... on level 3 of the Dungeon.
             The game lasted 00:09:26 (3702 turns).

jejorda2 the Firebug (Draconian Fire Elementalist)  Turns: 3702, Time: 00:09:27

Health: -3/45      AC:  7    Str: 10    XL:     5   Next: 64%
Magic:  5/9        EV: 12    Int: 16    God:
Gold:   210        SH:  0    Dex: 12    Spells: 8/9 levels left

rFire    . . .     SeeInvis .   b - -3 dagger (curse)
rCold    . . .     Faith    .   (no shield)
rNeg     . . .     Spirit   .   (armour unavailable)
rPois    .         Reflect  .   (helmet restricted)
rElec    .         Harm     .   q - +0 cloak
rCorr    .         Rampage  .   d - +0 pair of gloves (curse)
MR       .....                  (no boots)
Stlth    ++........             (no amulet)
HPRegen  0.15/turn              (no ring)
MPRegen  0.11/turn              (no ring)

@: no status effects
A: unfitting armour, cold-blooded, AC +5
a: no special abilities


You were on level 3 of the Dungeon.
You visited 1 branch of the dungeon, and saw 4 of its levels.

You collected 210 gold pieces.

Inventory:

Hand Weapons
 b - a cursed -3 dagger (weapon)
 n - a +0 war axe
 r - a +4 quarterstaff of chaos
Missiles
 c - 12 poisoned darts
Armour
 d - a cursed +0 pair of gloves (worn)
 q - a +0 cloak (worn)
Wands
 m - a wand of flame (13)
Scrolls
 e - a scroll of enchant armour {unknown}
 h - 2 scrolls of remove curse {unknown}
 i - a scroll of blinking {unknown}
 k - a scroll of teleportation {unknown}
 l - a scroll of identify {unknown}
 p - a scroll of immolation {unknown}
Potions
 a - 3 potions of resistance {unknown}
 f - a potion of heal wounds {unknown}
 g - 2 potions of curing {unknown}
 j - a potion of mutation {unknown}
 o - a potion of flight {unknown}
 s - a potion of cancellation {unknown}


   Skills:
 * Level 3.5 Fighting
 - Level 1.7 Dodging
 - Level 1.7 Stealth
 + Level 2.8 Spellcasting
 * Level 3.2 Conjurations
 + Level 3.6 Fire Magic


You had 8 spell levels left.
You knew the following spells:

 Your Spells              Type           Power        Failure   Level
a - Foxfire               Conj/Fire      ##..         4%          1

Your spell library contained the following spells:

 Spells                   Type           Power        Failure   Level
 Conjure Flame            Conj/Fire      ##......     14%         3
 Inner Flame              Hex/Fire       #.......     26%         3
 Sticky Flame             Conj/Fire      ##......     43%         4
 Confusing Touch          Hex            #.......     50%         3
 Gell's Gravitas          Tloc           #.........   50%         3
 Fireball                 Conj/Fire      ##........   78%         5
 Petrify                  Tmut/Erth      #.......     88%         4
 Metabolic Englaciation   Hex/Ice        #.........   99%         5
 Yara's Violent Unravell  Hex/Tmut       #.........   99%         5


Dungeon Overview and Level Annotations

Branches:
Dungeon (4/15)
 Temple: D:4-7

Altars:
Gozag
Kikubaaqudgha
Makhleb
Yredelemnul

Annotations:
D:3 Pikel


Innate Abilities, Weirdness & Mutations

Your plain brown scales are hard. (AC +5)
You cannot fit into any form of body armour.
You are cold-blooded and may be slowed by cold attacks.


Message History

You conjure some foxfire!
The foxfire hits Pikel.
Pikel is lightly wounded.
The foxfire hits Pikel but does no damage.
Pikel is lightly wounded.
The foxfire hits Pikel but does no damage.
Pikel is lightly wounded.
Pikel hits you with a +1 whip of freezing.
Pikel freezes you.
Casting: Foxfire (safe; 4% risk of failure)
Confirm with . or Enter, or press ? or * to list all spells.
You conjure some foxfire!
You feel yourself speed up.
The foxfire hits Pikel.
Pikel is moderately wounded.
Pikel hits you with a +1 whip of freezing.
* * * LOW HITPOINT WARNING * * *
Pikel freezes you.
* * * LOW HITPOINT WARNING * * *
Pikel hits you with a +1 whip of freezing!
You die...

##### # ######### #
#.......######## ##### #
#.#####.#......# #####...## # #.#
#.#.####.# #........## #
#.#####.#.####.# #.#.......# #
#.#..........#.###.#.......######
#.#.###.#.##.#.#v§...............
..#.# #.#......#@v§.......######.
..#.###.####.###K.##.#...## #..
.[......# #.# #..##.##.## ##.
######### #.# #..##..#.# ## #
#.###..###.#.# # # #..##........#
# ## #####.##........# ## .##
#.......#####.### ##. ..##
#.###)#.# #.### ##..


You could see Pikel.

Vanquished Creatures
  A scorpion (D:4)
  Crazy Yiuf (D:3)
  Jessica (D:2)
  3 adders
  A worm (D:3)
  3 leopard geckos
  8 orcs
  5 giant cockroaches
  8 goblins
  3 hobgoblins
  11 jackals
  A quokka (D:2)
  A ball python (D:3)
  6 bats
  3 frilled lizards (D:1)
  9 kobolds
  6 rats
71 creatures vanquished.

Vanquished Creatures (collateral kills)
  A foxfire (D:3)
1 creature vanquished.

Vanquished Creatures (others)
  184 foxfires
184 creatures vanquished.

Grand Total: 256 creatures vanquished

Notes
Turn   | Place    | Note
-------+----------+-------------------------------------------
     0 | D:1      | jejorda2 the Draconian Fire Elementalist began the quest
                  | for the Orb.
     0 | D:1      | Reached XP level 1. HP: 14/14 MP: 3/3
   342 | D:1      | Reached XP level 2. HP: 22/22 MP: 0/5
   440 | D:1      | Reached skill level 1 in Fighting
   889 | D:2      | Noticed Jessica
   899 | D:2      | Killed Jessica
   900 | D:2      | Reached XP level 3. HP: 24/29 MP: 2/6
   975 | D:2      | Found an ancient bone altar of Kikubaaqudgha.
  1255 | D:2      | Found a basalt altar of Yredelemnul.
  1283 | D:2      | Found a burning altar of Makhleb.
  1433 | D:2      | Reached XP level 4. HP: 29/36 MP: 3/7
  2317 | D:3      | Found an opulent altar of Gozag.
  3289 | D:3      | Found a runed translucent door.
  3290 | D:3      | Noticed Crazy Yiuf
  3306 | D:3      | Killed Crazy Yiuf
  3307 | D:3      | Reached XP level 5. HP: 41/45 MP: 2/9
  3678 | D:4      | Noticed Pikel
  3696 | D:4      | Noticed a lemure
  3696 | D:4      | Noticed a lemure
  3702 | D:3      | Slain by Pikel

Illustrated notes

Levels and vault maps discovered:
D:1:      dpeg_arrival_rooms_c, layout_basic
D:2:      layout_loops_corners, kiku_gazebo_pond_becter, lemuel_round_altar,
          lemuel_round_altar, grunt_decor_fettered, uniq_jessica
D:3:      layout_loops_corners, nicolae_gozag_seed_capital,
          uniq_crazy_yiuf_cottage
D:4:      layout_basic, fedhas_altar_4, nicolae_overflow_hidden_temple,
          hex_tiny, grunt_decor_arrowhead, uniq_duvessa, uniq_ijyb,
          uniq_eustachio, uniq_pikel

Skill      XL: |  1  2  3  4  5 |
---------------+----------------+-----
Fighting       | 1 2 3 |  3.5
Conjurations   | 2 3 |  3.2
Dodging        | |  1.7
Stealth        | |  1.7
Spellcasting   | |  2.8
Fire Magic     | |  3.6

Action                   |  1- 3 |  4- 6 || total
-------------------------+-------+-------++-------
Melee: Unarmed           |     8 |       ||     8
       Dagger            |    47 |    69 ||   116
       Tailslap          |     5 |     6 ||    11
 Cast: Foxfire           |    39 |    70 ||   109
 Stab: Sleeping          |       |     3 ||     3
Armor: Skin              |    32 |    39 ||    71
Dodge: Dodged            |    67 |    80 ||   147

Table legend: (Time is in decaauts)
 A = Elapsed time spent in this place.
 B = Non-inter-level travel time spent in this place.
 C = Inter-level travel time spent in this place.
 D = Time resting spent in this place.
 E = Time spent auto-exploring this place.
 F = Levels seen in this place.
 G = Mean time per level.
                   A        B        C        D        E       F      G
               +--------+--------+--------+--------+--------+-----+--------+
         Total |   3703 |   3650 |     53 |    140 |   2908 |   4 |  925.8 |
       Dungeon |   3703 |   3650 |     53 |    140 |   2908 |   4 |  925.8 |
               +--------+--------+--------+--------+--------+-----+--------+

Top non-repeatable levels by time:
     D:3: 1548 daAuts
     D:2: 1240 daAuts
     D:1: 834 daAuts
     D:4: 80 daAuts
